cohdb
Replays
Latest Replays
All Replays
Popular Replays
Top Player Replays
Match Explorer
How It Works
Community
CoH3 Stats
Reddit
Sign in to upload your games and track your stats! →
Sign in with Steam
Match 44256262
Unlisted
Match 44256262
Overview
Messages
Build Orders
End
Construct Barracks
Riflemen Squad
Riflemen Squad
Riflemen Squad
Construct Weapon Support Center
M1919 Machine Gun Team
Mechanized Support Center
Construct Medical Station
M3 Armored Personnel Carrier
Selects Heavy Weapons
Selects Assault Carriers
Selects Exchangeable Parts
Grenade Package
Designate Forward Repair Station
M3 Assault Carrier
M1919 Machine Gun Team
M1918 Browning Automatic Rifles
Selects M2HB .50cal Heavy Machine Gun
Construct Tank Depot
M4A1 Sherman Medium Tank
M4A1 76mm Conversion
Riflemen Squad
M4A1(76) Sherman Medium Tank
Improvised Armor
Riflemen Squad
Selects M26 Pershing Heavy Tank
M26 Pershing Heavy Tank
Androphyte
BATPIMP
DrewP
Dillbro
0
0
Comments
sign in to comment!
No comments posted yet!